 Dungeon Crawl Stone Soup version 0.18.1-48-g4cf74bf (webtiles) character file.

221 raph the Chiller (level 5, -4/31 HPs)
             Began as a High Elf Ice Elementalist on July 14, 2016.
             Slain by a sky beast (6 damage)
             ... on level 5 of the Dungeon.
             The game lasted 00:07:30 (4816 turns).

raph the Chiller (High Elf Ice Elementalist)        Turns: 4816, Time: 00:07:30

Health: -4/31      AC:  9    Str:  8    XL:     5   Next: 65%
Magic:  0/10       EV: 13    Int: 19    God:
Gold:   192        SH:  0    Dex: 15    Spells: 3 memorised, 3 levels left

rFire  . . .     SeeInvis .     j - +0 short sword
rCold  . . .     Gourm    .     a - +0 robe
rNeg   . . .     Faith    .     (no shield)
rPois  .         Spirit   .     (no helmet)
rElec  .         Dismiss  .     (no cloak)
rCorr  .         Reflect  .     o - +0 pair of gloves
SustAt .         Harm     .     (no boots)
MR     .....                    (no amulet)
Stlth  ++........               (no ring)
                                (no ring)

@: icy armour, very slightly contaminated, slow, not resistant to hostile
enchantments, unstealthy
A: no striking features
a: no special abilities


You were on level 5 of the Dungeon.
You were not hungry.

You visited 1 branch of the dungeon, and saw 5 of its levels.

You collected 192 gold pieces.

Inventory:

Hand Weapons
 d - a +0 dagger
 j - a +0 short sword (weapon)
Armour
 a - a +0 robe (worn)
 o - a +0 pair of gloves (worn)
Jewellery
 f - a +5 ring of strength {unknown}
 t - an uncursed amulet of harm {unknown}
Scrolls
 e - 2 scrolls of teleportation
 g - 2 scrolls of magic mapping {unknown}
 i - 3 scrolls of remove curse {unknown}
 k - 5 scrolls of identify {unknown}
 l - a scroll of enchant weapon {unknown}
 m - a scroll of fear {unknown}
 s - a scroll of amnesia {unknown}
Potions
 n - a potion of curing {unknown}
 p - a potion of flight {unknown}
 q - a potion of resistance {unknown}
Books
 b - a book of Frost

   Spells                             Type                      Level
   a - Freeze                         Ice                          1
   b - Throw Frost                    Conjuration/Ice              2
   c - Ozocubu's Armour               Charms/Ice                   3
   d - Throw Icicle                   Conjuration/Ice              4
   e - Summon Ice Beast               Ice/Summoning                4
Comestibles
 c - 4 bread rations
 h - a royal jelly


   Skills:
 + Level 3.1 Dodging
 - Level 2.8 Stealth
 - Level 2.7 Spellcasting
 - Level 1.1 Conjurations
 + Level 2.3 Charms
 * Level 5.2 Ice Magic


You had 3 spell levels left.
You knew the following spells:

 Your Spells              Type           Power        Failure   Level  Hunger
a - Freeze                Ice            ###.         1%          1    None
b - Throw Frost           Conj/Ice       ##....       10%         2    ##.....
c - Ozocubu's Armour      Chrm/Ice       ###.....     12%         3    ###....


Dungeon Overview and Level Annotations

Branches:
Dungeon (5/15)
 Temple: D:4-7

Altars:
Fedhas

Annotations:
D:3 wemp's ghost, amateur KoCj


Message History

The sky beast is severely wounded.
The sky beast hits you but does no damage.
You hit the sky beast.
The sky beast is almost dead.
The sky beast hits you but does no damage.
You hit the sky beast.
The sky beast is almost dead.
The sky beast closely misses you.
You hit the sky beast but do no damage.
The sky beast is almost dead.
The sky beast flickers out of sight!
Deactivating autopickup; reactivate with Ctrl-A.
Something hits you.
* * * LOW HITPOINT WARNING * * *
Something shocks you.
* * * LOW HITPOINT WARNING * * *
You miss something. Something hits you.
* * * LOW HITPOINT WARNING * * *
Something shocks you.
You die...

# ### #.#..
#....######..#
#....<@{.....#
##...######...
##.# #) #


There were no monsters in sight!

Vanquished Creatures
  A worker ant (D:4)
  3 gnolls (D:2)
  8 adders
  2 adder skeletons (D:4)
  3 worms
  5 dart slugs
  2 ball pythons
  11 bats
  6 giant cockroaches
  7 goblins
  5 hobgoblins
  5 jackals (D:2)
  9 kobolds
  A giant gecko skeleton (D:4)
  3 giant newts
  8 rats
79 creatures vanquished.

Notes
Turn   | Place    | Note
--------------------------------------------------------------
     0 | D:1      | raph the High Elf Ice Elementalist began the quest for the Orb.
     0 | D:1      | Reached XP level 1. HP: 11/11 MP: 4/4
     7 | D:1      | Noticed an iguana
     7 | D:1      | Noticed a redback
     7 | D:1      | Noticed a wolf
     7 | D:1      | Noticed a swamp worm
     7 | D:1      | Noticed an eight-headed hydra
   428 | D:1      | Reached XP level 2. HP: 17/17 MP: 4/6
   432 | D:1      | Learned a level 2 spell: Throw Frost
  1116 | D:1      | Reached XP level 3. HP: 21/21 MP: 5/7
  1121 | D:1      | Learned a level 3 spell: Ozocubu's Armour
  1694 | D:2      | Reached skill level 1 in Charms
  2175 | D:2      | Reached skill level 4 in Ice Magic
  2175 | D:2      | Reached XP level 4. HP: 27/27 MP: 4/9
  2207 | D:2      | Found a blossoming altar of Fedhas.
  2959 | D:2      | Reached XP level 5. HP: 31/31 MP: 8/10
  3300 | D:3      | Noticed wemp's ghost (amateur KoCj)
  4044 | D:4      | Reached skill level 5 in Ice Magic
  4793 | D:5      | Entered Level 5 of the Dungeon
  4793 | D:5      | Noticed a sky beast
  4816 | D:5      | Slain by a sky beast

Skill      XL: |  1  2  3  4  5 |
---------------+----------------+-----
Charms         | 1 2 |  2.3
Ice Magic      | 4 5 |  5.2
Dodging        | 3 |  3.1
Stealth        | |  2.8
Spellcasting   | |  2.7
Conjurations   | |  1.1

Action                   |  1- 3 |  4- 6 || total
-------------------------+-------+-------++-------
Melee: Dagger            |     6 |       ||     6
       Short sword       |     4 |    40 ||    44
 Cast: Freeze            |    48 |    67 ||   115
       Throw Frost       |     8 |    17 ||    25
       Ozocubu's Armour  |     3 |     8 ||    11
  Use: Scroll            |     1 |       ||     1
 Stab: Sleeping          |     1 |     1 ||     2
  Eat: Chunk             |     5 |     3 ||     8
       Meat ration       |       |     1 ||     1
       Pizza             |       |     1 ||     1
Armor: Robe              |    21 |    26 ||    47
Dodge: Dodged            |    55 |    61 ||   116
